 Dungeon Crawl Stone Soup version 0.18.1-1-g2f07953 (webtiles) character file.

121 Gorfmaster the Archer (level 4, -1/36 HPs)
             Began as a Centaur Hunter on Oct 3, 2016.
             Slain by a killer bee (2 damage)
             ... on level 3 of the Dungeon.
             The game lasted 00:15:37 (1891 turns).

Gorfmaster the Archer (Centaur Hunter)              Turns: 1891, Time: 00:15:38

Health: -1/36      AC: 11    Str: 14    XL:     4   Next: 77%
Magic:  4/4        EV:  4    Int: 10    God:
Gold:   89         SH:  0    Dex: 11    Spells: 0 memorised, 3 levels left

rFire  + . .     SeeInvis .     v - +0 longbow
rCold  . . .     Gourm    +     m - +0 chain mail (curse)
rNeg   . . .     Faith    .     (shield currently unavailable)
rPois  .         Spirit   .     (no helmet)
rElec  .         Dismiss  .     (no cloak)
rCorr  .         Reflect  .     (no gloves)
SustAt .         Harm     .     (no barding)
MR     .....                    p - amulet of the gourmand
Stlth  ..........               (no ring)
                                o - +4 ring of protection

@: lethally poisoned (-1 -> -8), very quick, not resistant to hostile
enchantments, extremely unstealthy
A: hooves 3, deformed body, fire resistance 1, speed 2, tough skin 3, wild magic
1
a: no special abilities


You were on level 3 of the Dungeon.
You were very full.

You visited 1 branch of the dungeon, and saw 3 of its levels.

You collected 89 gold pieces.

Inventory:

Hand Weapons
 b - a +0 short sword
 v - a +0 longbow (weapon)
Missiles
 d - 51 arrows (quivered)
Armour
 m - a cursed +0 chain mail (worn)
Jewellery
 o - a +4 ring of protection (left hand)
 p - an amulet of the gourmand (around neck)
Scrolls
 e - 3 scrolls of enchant weapon
 j - a scroll of teleportation
 u - 2 scrolls of enchant armour {unknown}
Potions
 c - 2 potions of resistance
 g - a potion of brilliance
 h - a potion of flight {unknown}
 i - a potion of haste
 l - a potion of might {unknown}
 t - a potion of curing {unknown}
Comestibles
 f - 4 bread rations
 k - a slice of pizza


   Skills:
 - Level 2.0 Fighting
 + Level 8.1 Bows
 - Level 1.3 Dodging
 - Level 0.5 Stealth


You had 3 spell levels left.
You didn't know any spells.

Dungeon Overview and Level Annotations

Branches:
Dungeon (3/15)

Altars:
Fedhas

Annotations:
D:2 exclusion: oklob plant


Innate Abilities, Weirdness & Mutations

You have hooves in place of feet.
Armour fits poorly on your strangely shaped body.
You cover ground very quickly.
You have extremely tough skin (AC +3).
Your flesh is heat resistant.
Your spells are a little harder to cast, but a little more powerful.


Message History

Firing (i - inventory):
d - 52 arrows (quivered)
Press: ? - help, Shift-Dir - straight line, f/p - killer bee
Aim: a killer bee (heavily wounded)
You shoot an arrow.
The arrow closely misses the killer bee.
* * * LOW HITPOINT WARNING * * *
You feel sick.
The killer bee stings you but does no damage.
The killer bee closely misses you.
All of the chunks of flesh in your inventory have rotted away.
You hear the sound of rushing water.
There is an entrance to a sewer on this level.
Hurry and find it before the portal rusts away!
Welcome back, Gorfmaster the Centaur Hunter.
Press ? for a list of commands and other information.
As you read the scroll labeled YKAUGAKOLI, it crumbles to dust.
It is a scroll of amnesia.
You feel forgetful for a moment.
* * * LOW HITPOINT WARNING * * *
You feel sick. The killer bee stings you.
You die...

#.........
##########
##.#######.
##........###..#
............#.##
....#.....###.#
#.##.##.##.#.##
#.#...#.###.##
######.......# #(#
)............# #@#
....###......# #y#
###.#
##...#...b#y.y...#
# #.#
##.##.###.##.##.#
# #.# #.##.# (. #
#.# #.##.# ..# #
#.# ..# .# .. #
#.# ### . #.#


You could see 2 killer bees and a bat.

Vanquished Creatures
  A scorpion (D:3)
  2 adders
  2 worms (D:2)
  2 giant geckos
  2 ball pythons
  3 bats
  3 giant cockroaches (D:1)
  5 goblins
  5 hobgoblins
  7 jackals (D:1)
  3 kobolds
  A quokka (D:2)
  4 rats
40 creatures vanquished.

Vanquished Creatures (others)
  12 toadstools (D:2)
12 creatures vanquished.

Grand Total: 52 creatures vanquished

Notes
Turn   | Place    | Note
--------------------------------------------------------------
     0 | D:1      | Gorfmaster the Centaur Hunter began the quest for the Orb.
     0 | D:1      | Reached XP level 1. HP: 17/17 MP: 1/1
   182 | D:1      | Reached XP level 2. HP: 24/24 MP: 2/2
   207 | D:1      | Reached skill level 6 in Bows
   927 | D:2      | Reached XP level 3. HP: 29/29 MP: 3/3
  1160 | D:2      | Reached skill level 7 in Bows
  1505 | D:2      | Found a blossoming altar of Fedhas.
  1527 | D:2      | Noticed an oklob plant
  1596 | D:3      | Reached XP level 4. HP: 36/36 MP: 4/4
  1654 | D:3      | Gained mutation: Your flesh is heat resistant. [potion of beneficial mutation]
  1655 | D:3      | Gained mutation: Your spells are a little harder to cast, but a little more powerful. [potion of beneficial mutation]
  1677 | D:3      | Reached skill level 8 in Bows
  1891 | D:3      | HP: 1/36 [poisoned by a killer bee]
  1891 | D:3      | Slain by a killer bee

Skill      XL: |  1  2  3  4 |
---------------+-------------+-----
Bows           | 6 7 8 |  8.1
Fighting       | |  2.0
Dodging        | |  1.3
Stealth        | |  0.5

Action                   |  1- 3 |  4- 6 || total
-------------------------+-------+-------++-------
Melee: Short sword       |       |     6 ||     6
       Kick              |       |     2 ||     2
       Longbow           |       |     1 ||     1
 Fire: Shortbow          |    96 |       ||    96
       Longbow           |     8 |    33 ||    41
  Use: Scroll            |     6 |     3 ||     9
       Potion            |       |     5 ||     5
  Eat: Chunk             |     9 |     7 ||    16
Armor: Scale mail        |    15 |       ||    15
       Leather armour    |     1 |       ||     1
       Chain mail        |     9 |    43 ||    52
Dodge: Dodged            |    16 |    13 ||    29
